Map: Usina Ácida LE

Players

IagoAbreu

  • Race: Terran Terran
  • League: Gold
  • Spawn Location: 11:00

hekoh - Winner!

  • Race: Protoss Protoss
  • League: Silver
  • Spawn Location: 5:00

VOD

Have the link to the VOD?

Description

Time

  • Played on: March 10, 2018, 6:43 p.m.
  • Length: 17:56
Show
View Real Time Build Order
Export as new Build Order

IagoAbreu Terran 

Build Orders:  

Get SALT Encoding   

  12  0:10  Supply Depot  
  12  0:19  SCV  
  13  0:28  Supply Depot  
  13  0:42  SCV  
  14  0:50  Barracks  
  14  0:54  SCV  
  15  0:58  Refinery  
  15  0:59  Refinery  
  15  1:07  SCV  
  16  1:20  SCV  
  17  1:33  SCV  
  18  1:41  Marine  
  19  1:52  Factory  
  19  1:59  Marine, Orbital Command  
  20  2:17  Marine  
  21  2:26  Engineering Bay  
  21  2:29  SCV  
  22  2:45  Factory Reactor, Starport  
  22  2:49  Starport  
  22  3:03  Marine  
  23  3:27  Bunker  
  23  3:40  Barracks Tech Lab  
  21  4:01  Widow Mine x2  
  24  4:20  SCV  
  25  4:33  Starport Tech Lab x2  
  25  4:46  Starport  
  25  4:50  Armory  
  25  4:51  SCV  
  26  5:00  Marauder  
  26  5:03  SCV  
  26  5:04  Cloaking Field  
  29  5:15  SCV  
  30  5:46  Factory Tech Lab  
  30  6:01  Marine  
  31  6:26  Supply Depot  
  31  6:28  Supply Depot x2  
  31  6:31  Command Center  
  31  6:43  Missile Turret  
  31  6:45  Missile Turret  
  31  6:48  Marine, Viking x3  
  38  7:05  Missile Turret  
  38  7:08  Missile Turret  
  38  7:18  Banshee x2  
  38  7:20  Banshee  
  47  7:47  Missile Turret  
  47  8:39  Refinery x2  
  47  8:41  Orbital Command  
  47  8:44  Banshee x3  
  56  8:57  Missile Turret  
  56  9:08  Siege Tank  
  59  9:22  SCV  
  60  9:30  Raven  
  62  9:34  SCV  
  62  9:35  Banshee x2  
  69  9:43  Terran Ship Weapons Level 1  
  69  9:49  Supply Depot  
  69  9:52  Supply Depot  
  69  9:54  Supply Depot  
  69  10:02  Siege Tank  
  74  10:23  Banshee x3  
  68  11:32  Orbital Command  
  53  12:12  Viking x3  
  53  12:40  Command Center  
  53  12:41  Raven  
  53  12:42  Widow Mine, Banshee x2  
  52  13:03  Widow Mine  
  54  13:10  Barracks  
  54  13:11  Barracks  
  54  13:13  Barracks  
  54  13:21  Missile Turret  
  54  13:48  Starport Reactor  
  54  13:53  Starport Reactor  
  54  13:56  Starport Reactor  
  54  13:58  Planetary Fortress  
  54  14:56  SCV  
  55  15:01  Refinery  
  55  15:06  Marauder  
  55  15:07  Marauder x3  
  63  15:11  Medivac x2, Viking  
  63  15:13  Medivac  
  71  15:28  Marauder x4  
  69  15:44  Orbital Command  
  68  15:57  Marauder  
  68  15:58  Marauder  
Show
View Real Time Build Order
Export as new Build Order

hekoh Protoss - Winner!

Build Orders: Zealot Archon 

Get SALT Encoding   

  12  0:01  Probe  
  13  0:13  Probe  
  14  0:20  Pylon  
  14  0:26  Probe  
  15  0:31  Assimilator  
  15  0:44  Gateway  
  15  0:46  Probe  
  16  0:58  Probe (Chrono Boost)  
  17  1:07  Probe (Chrono Boost)  
  18  1:12  Probe (Chrono Boost)  
  18  1:16  Gateway  
  19  1:28  Pylon  
  19  1:38  Cybernetics Core  
  19  1:44  Pylon  
  19  1:50  Assimilator  
  19  1:55  Pylon  
  19  1:56  Probe  
  20  2:11  Warp Gate (Chrono Boost)  
  20  2:15  Pylon  
  20  2:17  Pylon  
  20  2:23  Adept (Chrono Boost)  
  24  2:34  Adept (Chrono Boost)  
  24  2:43  Twilight Council  
  24  2:47  Probe  
  25  3:00  Probe  
  26  3:07  Robotics Facility  
  26  3:12  Probe  
  27  3:21  Charge  
  27  3:33  Shield Battery  
  25  4:10  Probe  
  25  4:15  Observer  
  25  4:22  Probe  
  25  4:23  Gateway  
  26  4:25  Gateway  
  26  4:27  Gateway  
  26  4:29  Robotics Facility  
  26  4:31  Pylon  
  26  4:43  Nexus  
  26  4:57  Templar Archives  
  26  5:03  Pylon  
  26  5:09  Forge  
  26  5:17  Blink  
  26  5:22  Stalker  
  26  5:23  Stalker  
  30  5:39  Observer  
  30  5:42  Pylon  
  31  5:44  Stalker  
  31  5:47  Stalker  
  35  6:16  Stalker x2  
  35  6:17  Stalker  
  41  6:21  Probe  
  41  6:22  Pylon  
  41  6:23  Probe  
  43  6:34  Photon Cannon  
  43  6:46  Protoss Shields Level 1  
  43  6:49  Probe x2  
  45  6:59  Photon Cannon  
  45  7:01  Probe x2  
  47  7:11  High Templar x2  
  51  7:19  Assimilator  
  50  7:24  Assimilator  
  50  7:35  Archon  
  50  7:37  Stalker x2  
  50  7:39  Stalker  
  56  7:44  Probe  
  56  7:45  Probe  
  58  7:56  Probe  
  58  7:57  Probe  
  60  8:03  Observer  
  61  8:07  Psionic Storm  
  61  8:08  Probe  
  61  8:09  Probe  
  63  8:21  Probe x2  
  63  8:26  Pylon  
  65  8:30  Dark Shrine  
  65  8:33  Probe x2  
  67  8:41  Stalker x2  
  67  8:43  Stalker  
  73  9:07  Photon Cannon  
  73  9:13  Warp Prism (Chrono Boost)  
  75  9:37  Nexus  
  75  9:39  Pylon  
  75  9:40  Protoss Ground Weapons Level 1  
  75  9:41  Pylon  
  75  9:43  Pylon  
  75  9:44  Dark Templar x3  
  81  9:47  Dark Templar  
  83  10:14  Warp Prism  
  85  11:01  Stalker x2  
  85  11:02  Stalker x2  
  65  11:41  Stalker x4  
  61  12:03  Probe x2  
  59  12:15  Probe x2  
  61  12:21  Probe  
  62  12:24  Stalker x2  
  62  12:25  Stalker x3  
  62  12:27  Probe (Chrono Boost)  
  62  12:28  Probe (Chrono Boost)  
  74  12:31  Protoss Ground Armor Level 1  
  75  12:38  Probe (Chrono Boost)  
  75  12:39  Probe (Chrono Boost)  
  75  12:40  Probe (Chrono Boost)  
  77  12:45  Probe (Chrono Boost)  
  77  12:46  Probe (Chrono Boost)  
  77  12:47  Probe (Chrono Boost)  
  76  12:54  Probe x2  
  76  12:57  Probe  
  77  13:01  Pylon  
  77  13:11  Stalker x2  
  77  13:12  Stalker x3  
  87  13:26  Assimilator  
  87  13:28  Photon Cannon  
  87  13:31  Assimilator  
  87  13:37  Pylon  
  87  13:44  High Templar x5  
  97  13:49  Archon x2  
  101  13:59  Observer  
  98  14:08  Gateway  
  98  14:11  Pylon  
  98  14:13  Gateway  
  98  14:15  Pylon  
  98  14:21  Pylon x2  
  98  14:38  High Templar x3  
  98  14:39  High Templar x2  
  98  14:43  Archon  
  98  14:44  Archon  
  98  15:50  Stalker x5  
  98  15:53  Immortal  
  112  16:07  Zealot x2  
  112  16:31  High Templar x2  
  120  16:33  High Templar, Immortal  
  120  16:35  Stalker x3  
  128  16:43  High Templar  
  128  16:46  Probe  
  128  16:47  Probe x2  
  133  16:58  Nexus  
  133  16:59  Probe x3  
  136  17:02  Pylon  
  136  17:11  Probe x3  
  136  17:15  Sentry  
  141  17:16  Sentry, Nexus  
  141  17:17  Stalker x5  
  153  17:23  Probe x3  
  151  17:35  Probe x3  
Tags
 
Add a new tag
Caveats
  • Supply blocks, unpowered buildings, or Contaminate may cause inaccurate times.
  • Supply counts are checked every 10 seconds.